 Dungeon Crawl Stone Soup version 0.27-a0-899-ge2d0b17c59 (webtiles) character file.

Game seed: 13729899210139366677

233 leviel the Shield-Bearer (level 6, -3/53 HPs)
             Began as a Hill Orc Fighter on Apr 5, 2021.
             Slain by Sigmund
             ... wielding a +0 scythe
              (6 damage)
             ... on level 3 of the Dungeon.
             The game lasted 00:05:24 (3176 turns).

leviel the Shield-Bearer (Hill Orc Fighter)         Turns: 3176, Time: 00:05:25

Health: -3/53      AC:  7    Str: 21    XL:     6   Next: 5%
Magic:  4/6        EV:  8    Int:  8    God:
Gold:   760        SH: 11    Dex: 10    Spells: 5/5 levels left

rFire    + . .     SeeInvis .   r - +1 hand axe (freeze)
rCold    + . .     Faith    .   c - +2 kite shield
rNeg     . . .     Spirit   .   b - +0 scale mail
rPois    +         Reflect  .   (no helmet)
rElec    +         Harm     .   (no cloak)
rCorr    +         Rampage  .   (no gloves)
Will     .....                  (no boots)
Stlth    ..........             (no amulet)
HPRegen  0.17/turn              (no ring)
MPRegen  0.10/turn              (no ring)

@: resistant, attractive, hasted, very quick
A: no striking features
a: no special abilities


You were on level 3 of the Dungeon.
You visited 1 branch of the dungeon, and saw 3 of its levels.

You collected 760 gold pieces.

Inventory:

Hand Weapons
 a - a +0 war axe
 r - a +1 hand axe of freezing (weapon)
Missiles
 q - 26 poisoned darts (quivered)
Armour
 b - a +0 scale mail (worn)
 c - a +2 kite shield (worn)
Jewellery
 m - a ring of positive energy
Scrolls
 k - 2 scrolls of identify
Potions
 l - a potion of curing
 t - a potion of resistance


   Skills:
 + Level 4.4 Fighting
 + Level 3.7 Axes
 + Level 0.6 Throwing
 * Level 4.6 Armour
 + Level 1.3 Dodging
 * Level 4.8 Shields


You had 5 spell levels left.
You didn't know any spells.
Your spell library was empty.

Dungeon Overview and Level Annotations

Branches:
Dungeon (3/15)

Altars:

Shops:
D:3 =

Annotations:
D:3 Sigmund


Message History

Sigmund casts a spell at you. You resist with some effort.
It was a potion of attraction.
You feel attractive to monsters.
You feel less confused.
Sigmund points at you and mumbles some strange words.
The puff of flame hits you. Sigmund is pulled toward you!
The goblin is pulled toward you!
It was a potion of curing.
You feel better. The goblin closely misses you. You block Sigmund's attack.
You closely miss Sigmund.
Sigmund is moderately wounded.
You closely miss the goblin.
The goblin hits you with a +2 antimagic dagger.
You feel your power leaking away. You block Sigmund's attack.
It was a potion of resistance.
You feel protected.
The goblin hits you with a +2 antimagic dagger.
You feel your power leaking away. Sigmund casts a spell at you.
The magic dart hits you.
You closely miss Sigmund.
Sigmund is moderately wounded.
You hit the goblin. You freeze the goblin.
You kill the goblin!
Sigmund casts a spell at you. The magic dart hits you.
* * * LOW HITPOINT WARNING * * *
You closely miss Sigmund.
Sigmund is moderately wounded.
Sigmund gestures at himself while chanting.
Sigmund flickers and vanishes!
Deactivating autopickup; reactivate with Ctrl-A.
You block something's attack.
You slash something! You freeze something. Something hits you!
* * * LOW HITPOINT WARNING * * *
It was a potion of haste.
You feel yourself speed up. Something hits you.
* * * LOW HITPOINT WARNING * * *
You closely miss something. Something hits you.
You die...

#.# #.# #.################
..# #.÷......).(...... #.#
#.################ #####.#
#.########### ...#.#
#.##......... #########.#.#
#.##.........
............####{##.........
P.P.............@)......>...
≈≈≈.P......####..#..........
≈≈≈≈≈≈≈..).##....#?.........
♣♣♣♣≈P≈....##.##.#..........
♣ ♣≈≈P....##.##.#..........
♣♣♣♣P≈.....##.##.#..........
≈≈≈≈≈≈P....##+##.#..!.......
P≈P≈.P.........#.#..........
≈≈.P...........#.#..........


There were no monsters in sight!

Vanquished Creatures
  A black bear (D:2)
  A hound (D:3)
  4 adders
  3 worms
  2 dart slugs
  5 endoplasms
  A giant cockroach (D:3)
  6 goblins
  2 hobgoblins
  7 jackals
  4 quokkas
  6 ball pythons
  9 bats
  3 frilled lizards (D:2)
  5 kobolds
  8 rats
67 creatures vanquished.

Vanquished Creatures (others)
  9 plants (D:3)
9 creatures vanquished.

Grand Total: 76 creatures vanquished

Notes
Turn   | Place    | Note
-------+----------+-------------------------------------------
     0 | D:1      | leviel the Hill Orc Fighter began the quest for the Orb.
     0 | D:1      | Reached XP level 1. HP: 19/19 MP: 1/1
   226 | D:1      | Reached XP level 2. HP: 24/27 MP: 2/2
   868 | D:2      | Reached XP level 3. HP: 15/33 MP: 3/3
  1188 | D:2      | Found a faded altar of an unknown god.
  1194 | D:2      | Noticed a black bear
  1205 | D:2      | Killed a black bear
  1206 | D:2      | Reached skill level 1 in Dodging
  1206 | D:2      | Reached XP level 4. HP: 14/40 MP: 4/4
  1206 | D:2      | Reached XP level 5. HP: 17/46 MP: 5/5
  2518 | D:3      | Found Wyhesoam's Jewellery Boutique.
  2696 | D:3      | Reached XP level 6. HP: 44/53 MP: 6/6
  2813 | D:3      | Noticed Sigmund
  2976 | D:2      | Identified a scroll of acquirement
  2976 | D:2      | Acquired 650 gold pieces
  3176 | D:3      | Slain by Sigmund

Illustrated notes

Levels and vault maps discovered:
D:1:      lightli_arrival_lavapool, layout_basic, serial_corexii_hall,
          corexii_hall_statues_i, chequers_hall_statues_corner_a,
          lemuel_another_geyser
D:2:      layout_loops_corners, basic_ecumenical_altar
D:3:      kennysheep_six_static_rooms, layout_basic, serial_shops, shop,
          serial_bayou_pond_c, uniq_sigmund

Skill      XL: |  1  2  3 |
---------------+----------+-----
Axes           | 3 |  3.7
Fighting       | 4 |  4.4
Armour         | 4 |  4.6
Dodging        | 1 |  1.3
Shields        | 4 |  4.8
Throwing       | |  0.6

Action                   |  1- 3 |  4- 6 || total
-------------------------+-------+-------++-------
Melee: War axe           |    74 |    85 ||   159
       Hand axe          |       |    53 ||    53
  Use: Potion            |     1 |     5 ||     6
       Scroll            |       |     9 ||     9
Armor: Scale mail        |    47 |    63 ||   110
Dodge: Dodged            |    33 |    59 ||    92
Block: Kite shield       |    49 |    77 ||   126

Table legend: (Time is in decaauts)
 A = Elapsed time spent in this place.
 B = Non-inter-level travel time spent in this place.
 C = Inter-level travel time spent in this place.
 D = Time resting spent in this place.
 E = Time spent auto-exploring this place.
 F = Levels seen in this place.
 G = Mean time per level.
                   A        B        C        D        E       F      G
               +--------+--------+--------+--------+--------+-----+--------+
         Total |   3283 |   3180 |    103 |    280 |   2354 |   3 | 1094.3 |
       Dungeon |   3283 |   3180 |    103 |    280 |   2354 |   3 | 1094.3 |
               +--------+--------+--------+--------+--------+-----+--------+

Top non-repeatable levels by time:
     D:2: 1736 daAuts
     D:1: 774 daAuts
     D:3: 771 daAuts
